 Dungeon Crawl Stone Soup version 0.25-a0-699-g25a338df49 (webtiles) character file.

Game seed: 17189541755373451989, levelgen mode: deterministic

10385 Glundar the Cleaver (level 11, -4/75 HPs)
             Began as a Demonspawn Fighter on Apr 2, 2020.
             Was a High Priest of Okawaru.
             Slain by Erolcha
             ... wielding a +0 giant club
              (8 damage)
             ... on level 11 of the Dungeon.
             The game lasted 01:01:22 (13041 turns).

Glundar the Cleaver (Demonspawn Fighter)           Turns: 13041, Time: 01:01:22

Health: -4/75      AC: 22    Str: 20    XL:     11   Next: 35%
Magic:  11/11      EV:  8    Int: 14    God:    Okawaru [*****.]
Gold:   696        SH: 13    Dex: 21    Spells: 10/10 levels left

rFire    . . .     SeeInvis .   a - +0 broad axe
rCold    . . .     Gourm    .   c - +0 kite shield
rNeg     . . .     Faith    .   S - +6 plate armour of Defiance {*Slow Int+4 Dex+9 Stlth+}
rPois    .         Spirit   .   o - +0 helmet
rElec    .         Reflect  .   y - +1 cloak
rCorr    .         Harm     .   (no gloves)
MR       .....                  (no boots)
Stlth    ..........             (no amulet)
HPRegen  0.22/turn              Q - +3 ring of evasion
MPRegen  0.12/turn              N - ring of flight

@: slowed, very slow
A: hooves 2, icy blue scales 1, powered by death 2, rot immunity
a: Heroism, Finesse, Renounce Religion, Evoke Flight


You were on level 11 of the Dungeon.
You worshipped Okawaru.
Okawaru was extremely pleased with you.
You were hungry.

You visited 2 branches of the dungeon, and saw 12 of its levels.
You also visited: Ossuary.

You collected 696 gold pieces.

Inventory:

Hand Weapons
 a - a +0 broad axe (weapon)
 b - a +0 fustibalus
 l - the +0 spear of the Ancients {flame, rElec Dex+2 SInv}
   (You found it on level 4 of the Dungeon)

   It has been specially enchanted to burn those struck by it, causing extra
   injury to most foes and up to half again as much damage against particularly
   susceptible opponents.
   It affects your dexterity (+2).
   It insulates you from electricity.
   It lets you see invisible.
 B - a +0 flail
 O - a +5 war axe
Missiles
 j - 224 stones (quivered)
 w - 16 poisoned darts
 x - 19 sling bullets
 K - 3 atropa-tipped darts
Armour
 c - a +0 kite shield (worn)
 o - a +0 helmet (worn)
 p - the +4 ring mail "Atzonaomm" {rN+ MR+ Str-2}
   (You found it on level 9 of the Dungeon)

   It affects your strength (-2).
   It protects you from negative energy.
   It affects your resistance to hostile enchantments.
 y - a +1 cloak (worn)
 S - the +6 plate armour of Defiance (worn) {*Slow Int+4 Dex+9 Stlth+}
   (Okawaru gifted it to you on level 10 of the Dungeon)

   It affects your intelligence (+4).
   It affects your dexterity (+9).
   It may slow you when you take damage.
   It makes you more stealthy.
Jewellery
 A - an uncursed ring of ice
 N - a ring of flight (right hand)
 Q - a +3 ring of evasion (left hand)
 V - an uncursed ring of fire
Wands
 g - a wand of polymorph (11)
 G - a wand of acid (5)
 M - a wand of flame (13)
 P - a wand of random effects (24)
 T - a wand of disintegration (9)
Scrolls
 h - 7 scrolls of remove curse
 k - 2 scrolls of teleportation
 n - 5 scrolls of amnesia
 q - 3 scrolls of enchant armour {unknown}
 r - 3 scrolls of fear {unknown}
 t - 3 scrolls of enchant weapon {unknown}
 u - a scroll of blinking
 C - 5 scrolls of magic mapping {unknown}
 D - a scroll of acquirement {unknown}
 F - a scroll of torment {unknown}
 I - 6 scrolls of identify
 J - 2 scrolls of fog {unknown}
 R - a scroll of vulnerability {unknown}
Potions
 d - 3 potions of flight {unknown}
 e - 2 potions of cancellation
 i - 3 potions of stabbing
 m - 2 potions of berserk rage
 s - 3 potions of lignification
 v - a potion of curing
 z - 2 potions of invisibility {unknown}
 E - a potion of haste {unknown}
 H - 2 potions of mutation {unknown}
 L - a potion of degeneration {unknown}
Comestibles
 f - 20 rations


   Skills:
 - Level 3.4 Fighting
 + Level 11.4 Axes
 + Level 2.7 Slings
 - Level 3.3 Armour
 - Level 0.1 Dodging
 - Level 0.2 Stealth
 + Level 11.4 Shields


You had 10 spell levels left.
You didn't know any spells.
Your spell library was empty.

Dungeon Overview and Level Annotations

Branches:
Dungeon (11/15)            Temple (1/1) D:7            Lair (0/6) D:8
Ossuary (visited)
    Orc: D:9-12

Altars:
Ashenzari
Cheibriados
Dithmenos
Elyvilon
Fedhas
Gozag
Hepliaklqana
Kikubaaqudgha
Makhleb
Nemelex Xobeh
Okawaru
Qazlal
Ru
Sif Muna
Trog
Uskayaw
Vehumet
Wu Jian
Xom
Yredelemnul
Zin
The Shining One

Shops:
D:5 }   D:7 %

Annotations:
D:11 Erolcha


Innate Abilities, Weirdness & Mutations

You have hoof-like feet.
You are partially covered in icy blue scales. (AC +2)
You regenerate health from kills.
You are immune to rotting.


Message History

Erolcha is severely wounded.
Erolcha gestures at you while chanting. You resist with some effort.
You closely miss Erolcha.
Erolcha is severely wounded.
Erolcha screams, "Erolcha crush your head!"
Erolcha barely misses you. Erolcha casts a spell at you.
You resist with some effort.
Your plate armour of Defiance prevents you from hitting Erolcha.
Your kick misses Erolcha.
Erolcha is severely wounded.
Erolcha gestures wildly while chanting.
Erolcha seems to speed up.
You hit Erolcha but do no damage. You kick Erolcha.
Erolcha is almost dead.
Erolcha gestures at you while chanting.
The bolt of cold hits you but does no damage.
Erolcha hits you with a +0 giant club!
You die...

............####
###########.#.. #.#.# #.#
#.#.### #.# #.....# #.#
###.#(# #.# #.#.# #.#
..(O..O.#O##### ##.##
#########.@...#
##.(.###### #####.#
#.......... ######## #.#
#..#.#####. .......#
#.###.###.## #.
######.....########.##.##
##.###. #
#......=......## ##..#. #
#.#####.###.##.# ##.#)#.
# ####.###.###.###..#.#.
# #.........##..#.#.....


You could see Erolcha.

Vanquished Creatures
  Josephine (D:10)
  A vault guard (D:11)
  A two-headed ogre (D:10)
  Maurice (D:10)
  A troll (D:9)
  The ghost of balackLT the Cleaver, an amateur HOFi (D:4)
  A hippogriff (D:10)
  A spriggan (D:8)
  5 wraiths (D:10)
  7 yaks
  A hungry ghost (D:10)
  A water moccasin (D:6)
  An orc warrior (D:6)
  4 sky beasts
  3 phantoms
  2 necrophages
  5 ice beasts
  10 ogres
  4 centaurs
  A big kobold (D:10)
  3 elf zombies (Ossuary)
  3 bullfrogs
  A water moccasin zombie (D:5)
  3 scorpions
  A wyvern skeleton (D:7)
  4 wights (D:9)
  3 howler monkeys (D:11)
  6 crimson imps
  2 bullfrog zombies (D:5)
  7 hounds
  2 quasits
  A centaur zombie (Ossuary)
  4 jellies
  5 orc priests
  3 human zombies (Ossuary)
  8 orc wizards
  9 worker ants
  A killer bee zombie (D:10)
  2 hound zombies (D:6)
  A hound skeleton (D:7)
  3 mummies (Ossuary)
  A worker ant zombie (D:10)
  3 gnolls (D:3)
  9 adders
  2 shadow imps (D:6)
  An adder skeleton (D:3)
  An adder zombie (D:5)
  2 worms (D:2)
  2 dart slugs
  6 leopard geckos
  24 orcs
  A ball python (D:1)
  6 giant cockroaches
  8 goblins
  10 hobgoblins
  8 jackals
  9 quokkas
  10 bats
  8 frilled lizards
  4 goblin zombies (Ossuary)
  6 hobgoblin zombies (Ossuary)
  5 jackal zombies (Ossuary)
  12 kobolds
  5 kobold zombies (Ossuary)
  A leopard gecko skeleton (D:7)
  An orc zombie (Ossuary)
  A quokka skeleton (D:5)
  3 quokka zombies (Ossuary)
  10 rats
  2 rat zombies (Ossuary)
285 creatures vanquished.

Notes
Turn   | Place    | Note
-------+----------+-------------------------------------------
     0 | D:1      | Glundar the Demonspawn Fighter began the quest for the Orb.
     0 | D:1      | Reached XP level 1. HP: 18/18 MP: 1/1
   255 | D:1      | Gained mutation: You have large cloven feet. [demonic
                  | ancestry]
   255 | D:1      | Reached XP level 2. HP: 21/24 MP: 2/2
   288 | D:1      | You fall into a shaft and drop 1 floor!
   374 | D:2      | Found an ancient bone altar of Kikubaaqudgha,
   391 | D:2      | Gained mutation: You regenerate a little health from kills.
                  | [demonic ancestry]
   391 | D:2      | Reached XP level 3. HP: 25/29 MP: 3/3
  1132 | D:2      | Reached XP level 4. HP: 29/35 MP: 4/4
  2399 | D:3      | Gained mutation: You have hoof-like feet. [demonic
                  | ancestry]
  2399 | D:3      | Reached XP level 5. HP: 35/41 MP: 5/5
  2532 | D:3      | Found an iron altar of Okawaru,
  2554 | D:3      | Became a worshipper of Warmaster Okawaru
  3459 | D:4      | Found a runed translucent door,
  3462 | D:4      | Noticed balackLT's ghost (amateur HOFi)
  3462 | D:4      | Noticed a yak
  3488 | D:4      | Killed a yak
  3488 | D:4      | Reached * piety under Okawaru
  3488 | D:4      | Reached XP level 6. HP: 9/47 MP: 6/6
  3492 | D:4      | Killed balackLT's ghost
  3492 | D:4      | Reached skill level 5 in Axes
  3492 | D:4      | Reached skill level 5 in Shields
  3492 | D:4      | Reached XP level 7. HP: 3/52 MP: 7/7
  3792 | D:4      | Got an encrusted spear
  3804 | D:4      | Identified the cursed +0 spear of the Ancients {flame,
                  | rElec Dex+2 SInv} (You found it on level 4 of the Dungeon)
  4777 | D:4      | Reached ** piety under Okawaru
  4777 | D:4      | Gained mutation: You are partially covered in icy blue
                  | scales. (AC +2) [demonic ancestry]
  4777 | D:4      | Reached XP level 8. HP: 57/57 MP: 8/8
  4973 | D:5      | Entered Level 5 of the Dungeon
  5257 | D:5      | Found Wicoliba's Gadget Shoppe,
  5787 | D:5      | Found a sacrificial altar of Ru,
  6881 | D:6      | Found a radiant altar of Vehumet,
  6882 | D:6      | Found a shimmering blue altar of Sif Muna,
  6928 | D:6      | Reached *** piety under Okawaru
  6928 | D:6      | Reached XP level 9. HP: 38/63 MP: 9/9
  7147 | D:6      | Found a bloodstained altar of Trog,
  8349 | D:7      | Found Epuppeaf's Food Emporium,
  8438 | D:7      | Found a staircase to the Ecumenical Temple,
  8601 | Temple   | Entered the Ecumenical Temple
  8875 | D:8      | Reached **** piety under Okawaru
  8997 | D:8      | Found a staircase to the Lair,
  9160 | D:8      | Found a sand-covered staircase,
  9165 | Ossuary  | Entered an ossuary
  9303 | Ossuary  | Gained mutation: You are immune to rotting. [demonic
                  | ancestry]
  9303 | Ossuary  | Reached XP level 10. HP: 64/68 MP: 10/10
 10467 | D:9      | Reached skill level 10 in Axes
 10504 | D:9      | Reached skill level 10 in Shields
 10632 | D:9      | Got an encrusted ring mail
 10643 | D:9      | Identified the +4 ring mail "Atzonaomm" {rN+ MR+ Str-2}
                  | (You found it on level 9 of the Dungeon)
 10932 | D:9      | Found a hide-covered altar of Uskayaw,
 10945 | D:9      | Reached ***** piety under Okawaru
 11041 | D:9      | Found a glowing silver altar of Zin,
 11045 | D:9      | Found a white marble altar of Elyvilon,
 11111 | D:10     | Entered Level 10 of the Dungeon
 11235 | D:10     | Noticed a two-headed ogre
 11269 | D:10     | Killed a two-headed ogre
 11419 | D:10     | Noticed Maurice
 11450 | D:10     | Killed Maurice
 11703 | D:10     | Noticed Josephine
 11712 | D:10     | Killed Josephine
 11712 | D:10     | Received a gift from Okawaru
 11712 | D:10     | Gained mutation: You regenerate health from kills. [demonic
                  | ancestry]
 11712 | D:10     | Reached XP level 11. HP: 60/73 MP: 11/11
 11713 | D:10     | Got a pitted plate armour {god gift}
 11724 | D:10     | Identified the +6 plate armour of Defiance {*Slow Int+4
                  | Dex+9 Stlth+} (Okawaru gifted it to you on level 10 of the
                  | Dungeon)
 12372 | D:11     | Reached skill level 1 in Slings
 12732 | D:11     | Noticed a vault guard
 12740 | D:11     | Found a portal to a secret trove of treasure,
 12754 | D:11     | Killed a vault guard
 13011 | D:11     | Noticed Erolcha
 13037 | D:11     | HP: 2/75 [Erolcha/+0 giant club (12)]
 13041 | D:11     | Slain by Erolcha

Levels and vault maps discovered:
D:1:      minmay_arrival_open_corners, layout_basic, minmay_misc_feat_cross
D:2:      layout_loops_cross, lemuel_round_altar
D:3:      minmay_door_path, layout_basic, lemuel_round_altar
D:4:      layout_basic, ebering_ghost_inner_flame, first_ration
D:5:      layout_basic, serial_shops, shop, hangedman_decor_lopped,
          nicolae_ru_path_of_blood
D:6:      layout_rooms, bloody_trog, chequers_temple_overflow_statue_of_worship
D:7:      layout_cave_pools, minmay_temple_entry_junction, serial_shops,
          shop_coins
D:8:      layout_basic, dpeg_oklobed_lair, enter_ossuary_5, the_bakery,
          nrook_mini_backslash
D:9:      layout_loops_ring, minmay_overflow_temple_star_quad
D:10:     layout_basic, uniq_maurice, uniq_josephine
D:11:     layout_loops_ring, enter_trove_5, nrook_mini_vaults,
          kennysheep_windowed_goal, uniq_erolcha
Temple:   eino_narrow_crystal_temple

Skill      XL: |  1  2  3  4  5  6  7  8  9 10 11 |
---------------+----------------------------------+-----
Armour         | 3 |  3.3
Axes           | 2 3 4 5 6 7 9 11 | 11.4
Shields        | 3 4 5 6 7 9 11 | 11.4
Slings         | 2 |  2.7
Fighting       | |  3.4
Dodging        | |  0.1
Stealth        | |  0.2

Action                   |  1- 3 |  4- 6 |  7- 9 | 10-12 || total
-------------------------+-------+-------+-------+-------++-------
Melee: War axe           |    93 |   201 |   191 |   114 ||   599
       Kick              |    14 |    46 |   129 |   134 ||   323
       Broad axe         |       |       |   230 |   272 ||   502
 Fire: Fustibalus        |       |       |       |    39 ||    39
Throw: Stone             |       |       |     3 |       ||     3
 Abil: Evoke Flight      |       |       |       |     1 ||     1
  Use: Scroll            |       |     6 |     6 |     3 ||    15
       Potion            |       |     2 |     2 |     2 ||     6
  Eat: Chunk             |     1 |     7 |    13 |     8 ||    29
       Ration            |       |       |     2 |     2 ||     4
Armor: Scale mail        |    59 |    68 |   165 |    41 ||   333
       Ring mail         |       |       |       |    27 ||    27
       Plate armour      |       |       |       |    54 ||    54
Dodge: Dodged            |    31 |    73 |   102 |    66 ||   272
Block: Kite shield       |    53 |   104 |   215 |   163 ||   535

Table legend:
 A = Non-vault XP
 B = Vault XP
 C = Vault XP percentage of total XP
 D = Non-vault monster count
 E = Vault monster count
 F = Vault count percentage of total count
                 A         B        C        D         E       F
            +---------+---------+-------+---------+---------+-------
      Total |   10047 |    4789 |  32.3 |     236 |      49 |  17.2
            +---------+---------+-------+---------+---------+-------
        D:1 |      37 |       0 |   0.0 |      22 |       0 |   0.0
        D:2 |      87 |       0 |   0.0 |      25 |       0 |   0.0
        D:3 |     118 |      37 |  23.9 |      34 |       2 |   5.6
        D:4 |     742 |     501 |  40.3 |      17 |       2 |  10.5
        D:5 |     828 |       0 |   0.0 |      20 |       0 |   0.0
        D:6 |     860 |       0 |   0.0 |      31 |       0 |   0.0
        D:7 |    1279 |       0 |   0.0 |      26 |       0 |   0.0
        D:8 |    1054 |     224 |  17.5 |      16 |       1 |   5.9
        D:9 |    1236 |       0 |   0.0 |      17 |       0 |   0.0
       D:10 |    1843 |    2530 |  57.9 |      13 |       7 |  35.0
       D:11 |    1963 |     963 |  32.9 |      15 |       1 |   6.2
    Ossuary |       0 |     534 | 100.0 |       0 |      36 | 100.0
            +---------+---------+-------+---------+---------+-------
